 Dungeon Crawl Stone Soup version 0.29-a0-283-ga02f740833 (webtiles) character file.

Game seed: 6970696839100601590

18 Dabor the Skirmisher (level 2, -2/24 HPs)
             Began as a Formicid Abyssal Knight on Mar 13, 2022.
             Was a Believer of Lugonu.
             Slain by a jackal (3 damage)
             ... on level 2 of the Dungeon.
             The game lasted 00:02:00 (816 turns).

Dabor the Skirmisher (Formicid Abyssal Knight)       Turns: 816, Time: 00:02:00

Health: -2/24      AC:  4    Str: 14 (17) XL:     2   Next: 85%
Magic:  2/3        EV: 11    Int:  8 (9)  God:    Lugonu [**....]
Gold:   51         SH:  0    Dex: 10 (11) Spells: 1/1 levels left

rFire   . . .      SeeInvis +   a - +2 spear
rCold   . . .      Faith    .   (no shield)
rNeg    + . .      Spirit   .   c - +1 leather armour {rN+}
rPois   .          Reflect  .   (helmet unavailable)
rElec   .          Harm     .   (no cloak)
rCorr   .          Rampage  .   (no gloves)
Will    .....                   (no boots)
Stlth   +.........              (no amulet)
HPRegen 0.08/turn               (no ring)
MPRegen 0.08/turn               (no ring)

@: no status effects
A: permanent stasis, dig shafts and tunnels, antennae 3, four strong arms
a: Dig, Shaft Self, Renounce Religion, Depart the Abyss, Bend Space


You were on level 2 of the Dungeon.
You worshipped Lugonu.
Lugonu was pleased with you.
You visited 1 branch of the dungeon, and saw 2 of its levels.
You visited the Abyss 1 time.

You collected 51 gold pieces.

Inventory:

Hand Weapons
 a - a +2 spear (weapon)
Armour
 b - a +0 leather armour
 c - a +1 leather armour of positive energy (worn)
Scrolls
 d - a scroll of enchant weapon
 e - 2 scrolls of identify
 f - a scroll of amnesia


   Skills:
 + Level 3.5 Fighting
 + Level 2.2 Polearms
 + Level 2.4 Armour
 + Level 1.2 Dodging
 + Level 2.5 Invocations


You had one spell level left.
You didn't know any spells.
Your spell library was empty.

Dungeon Overview and Level Annotations

Branches:
Dungeon (2/15)

Altars:

Annotations:
D:2 Terence


Innate Abilities, Weirdness & Mutations

You cannot be hasted, slowed, berserked, paralysed or teleported.
You can dig through walls and to a lower floor.
You have a pair of large antennae on your head. (SInv)
Your four strong arms can wield two-handed weapons with a shield.


Message History

Terence is moderately wounded.
The ball python barely misses you. The ball python completely misses you.
Terence hits you with a +0 flail! The ball python bites you.
* * * LOW HITPOINT WARNING * * *
The ball python misses you. Terence attacks as you move away!
Terence barely misses you.
As you read the scroll labelled RUCROSSOHA, it crumbles to dust.
It is a scroll of enchant weapon.
Your +1 spear glows red for a moment.
Terence looks scornfully at you. Terence barely misses you.
As you read the scroll labelled PYANYGR JIUWKY, it crumbles to dust.
It is a scroll of identify.
f - a scroll of amnesia Terence hits you with a +0 flail.
* * * LOW HITPOINT WARNING * * *
As you read the scroll labelled PIYDAW BICUSK, it crumbles to dust.
You feel a strange sense of stasis.
It was a scroll of teleportation.
Terence barely misses you.
It was a potion of degeneration.
There was something very wrong with that liquid.
You feel weakened.
You feel dopey.
You feel clumsy. Terence barely misses you. Terence attacks as you move away!
Terence closely misses you. Terence attacks as you move away!
Terence barely misses you. Terence attacks as you move away!
Terence hits you but does no damage. Terence attacks as you move away!
Terence misses you. Terence says, "Did you write a will?
You should..."
Space bends around you!
You blink.
You don't have enough health at the moment.
Okay, then.
The jackal barks!
You hear a bark!
A jackal comes into view.
The jackal barks!
A jackal comes into view.
The jackal barks!
The jackal attacks as you move away! The jackal completely misses you.
The jackal misses you. The jackal bites you.
You die...

#.# #####... ##.# #.#
#.....##############..
#.##########.....#.....B.........
.........†##.....#B#############.
#########)##.....#.# #.
#........S.##### #.
#.......@#S....# #.
...........hhh.....+ ..
#####.......@#.....# ..
...........#.....# .
#########..#.....# ...#...).#
##.######## ..# .8 .⌠.


You could see Terence, an adder, 3 jackals and a ball python.

Vanquished Creatures
  A ball python (D:1)
  An endoplasm (D:1)
  2 goblins (D:1)
  2 hobgoblins (D:1)
  2 jackals (D:2)
  4 kobolds
  2 bats (D:1)
  A frilled lizard (D:1)
  A rat (D:1)
16 creatures vanquished.

Vanquished Creatures (others)
  2 plants (D:2)
2 creatures vanquished.

Grand Total: 18 creatures vanquished

Notes
Turn   | Place    | Note
-------+----------+-------------------------------------------
     0 | Abyss:1  | Dabor the Formicid Abyssal Knight began the quest for the
                  | Orb.
     0 | Abyss:1  | Reached XP level 1. HP: 18/18 MP: 2/2
   111 | Abyss:1  | Noticed a hellwing
   112 | D:1      | Escaped the Abyss
   150 | D:1      | Reached skill level 1 in Dodging
   159 | D:1      | Reached XP level 2. HP: 15/24 MP: 3/3
   352 | D:1      | Reached ** piety under Lugonu
   643 | D:1      | Found a faded altar of an unknown god.
   643 | D:1      | Noticed a tormentor
   786 | D:2      | Noticed Terence
   816 | D:2      | Slain by a jackal

Illustrated notes

Levels and vault maps discovered:
D:1:      dpeg_arrival_windows_large_door, layout_basic,
          dreamdust_ecumenical_altar_sealed_demon, minmay_misc_feat_enclosed,
          minivault_26
D:2:      minmay_inner_zag, layout_basic, serial_shops,
          nicolae_shop_temple_entry_statues_fountains, serial_bayou_pond_a,
          minmay_pentomino_p4, uniq_terence

Skill      XL: |  1 |
---------------+----+-----
Dodging        | 1 |  1.2
Fighting       | |  3.5
Polearms       | |  2.2
Armour         | |  2.4
Invocations    | |  2.5

Action                   || total
-------------------------++-------
Melee: Spear             ||    52
Invok: Depart the Abyss  ||     1
       Bend Space        ||     1
  Use: Scroll            ||     3
       Potion            ||     1
Armor: Leather armour    ||    12
Dodge: Dodged            ||    33

Table legend: (Time is in decaauts)
 A = Elapsed time spent in this place.
 B = Non-inter-level travel time spent in this place.
 C = Inter-level travel time spent in this place.
 D = Time resting spent in this place.
 E = Time spent auto-exploring this place.
 F = Levels seen in this place.
 G = Mean time per level.
                   A        B        C        D        E       F      G
               +--------+--------+--------+--------+--------+-----+--------+
         Total |    815 |    798 |     17 |      0 |    632 |   3 |  271.7 |
       Dungeon |    703 |    686 |     17 |      0 |    523 |   2 |  351.5 |
         Abyss |    112 |    112 |      0 |      0 |    109 |   1 |  112.0 |
               +--------+--------+--------+--------+--------+-----+--------+

Top non-repeatable levels by time:
     D:1: 611 daAuts
 Abyss:1: 112 daAuts
     D:2: 91 daAuts
